 Dungeon Crawl Stone Soup version 0.24.0-123-gd5b16e6ec5 (webtiles) character file.

Game seed: 11211670905771164332, levelgen mode: deterministic

16829 Descartes the Covert (level 12, 0/56 HPs)
             Began as a Spriggan Wizard on Dec 25, 2019.
             Was an Initiate of Gozag.
             Slain by a sea snake (16 damage)
             ... on level 3 of the Lair of Beasts.
             The game lasted 01:28:51 (24724 turns).

Descartes the Covert (Spriggan Wizard)             Turns: 24724, Time: 01:28:51

Health: 0/56       AC:  6    Str: 10    XL:     12   Next: 13%
Magic:  25/25      EV: 24    Int: 23    God:    Gozag
Gold:   2452       SH:  0    Dex: 15    Spells: 14/27 levels left

rFire    + . .     SeeInvis +   a - +5 short sword (venom)
rCold    + . .     Gourm    .   (shield restricted)
rNeg     . . .     Faith    .   M - +2 robe {MR+}
rPois    .         Spirit   .   s - +1 hat
rElec    +         Reflect  .   I - +0 cloak
rCorr    .         Harm     +   (gloves unavailable)
MR       +++..                  (boots unavailable)
Stlth    ++++......             L - amulet of harm
HPRegen  0.18/turn              G - +6 ring of strength
MPRegen  0.19/turn              F - ring of protection from cold

@: very quick
A: very small, unfitting armour, see invisible, fire resistance 1, herbivore,
speed 3, robust 1, electricity resistance, slow metabolism 2
a: Potion Petition, Call Merchant, Bribe Branch, Renounce Religion


You were on level 3 of the Lair of Beasts.
You worshipped Gozag.
Gozag was most pleased with you.
You were not hungry.

You visited 4 branches of the dungeon, and saw 17 of its levels.
You also visited: Sewer.

You collected 2606 gold pieces.
You paid 154 gold pieces to Gozag.

Inventory:

Hand Weapons
 a - a +5 short sword of venom (weapon)
 b - a +0 hand crossbow
 p - a +2 dagger of flaming
 S - a +0 scimitar of holy wrath
Missiles
 c - 305 stones (quivered)
 m - 216 arrows
 n - 62 poisoned darts
 q - 11 throwing nets
 u - 23 boomerangs
 v - 8 curare-tipped darts
 w - 138 sling bullets
 E - 85 bolts
Armour
 s - a +1 hat (worn)
 D - the +1 robe "Mifuh" {rF++}
   (You found it on level 7 of the Dungeon)

   It greatly protects you from fire.
 I - a +0 cloak (worn)
 M - a +2 robe of magic resistance (worn)
Jewellery
 i - a +2 ring of intelligence
 y - an uncursed ring of fire
 F - a ring of protection from cold (right hand)
 G - a +6 ring of strength (left hand)
 L - an amulet of harm (around neck)
 R - an uncursed ring of ice
Wands
 o - a wand of acid (6)
 r - a wand of iceblast (10)
 B - a wand of clouds (8)
 H - a wand of disintegration (33)
 J - a wand of enslavement (5)
 K - a wand of paralysis (29)
Scrolls
 e - 6 scrolls of fog
 g - 7 scrolls of teleportation
 k - 9 scrolls of identify
 z - 2 scrolls of immolation {unknown}
 A - 2 scrolls of enchant weapon
 C - 5 scrolls of remove curse
 N - 2 scrolls of brand weapon {unknown}
 O - 3 scrolls of amnesia {unknown}
 Q - a scroll of fear {unknown}
Potions
 f - 6 potions of invisibility
 h - 7 potions of flight
 j - 6 potions of curing
 l - 3 potions of haste
 t - 2 potions of cancellation
 x - 3 potions of lignification
 P - a potion of brilliance
 T - a potion of mutation
 U - a potion of agility
Miscellaneous
 V - a sack of spiders
Comestibles
 d - 26 rations


   Skills:
 + Level 5.3 Short Blades
 + Level 9.5 Dodging
 + Level 10.1 Stealth
 + Level 8.1 Spellcasting
 + Level 7.4 Conjurations
 + Level 2.6 Hexes
 - Level 0.7 Summonings
 - Level 5.0 Translocations
 + Level 4.6 Fire Magic
 + Level 7.1 Air Magic
 + Level 7.9 Poison Magic
 + Level 5.2 Evocations


You had 14 spell levels left.
You knew the following spells:

 Your Spells              Type           Power        Failure   Level  Hunger
a - Magic Dart            Conj           ####         1%          1    None
b - Blink                 Tloc           N/A          1%          2    None
c - Mephitic Cloud        Conj/Pois/Air  #####...     1%          3    None
d - Conjure Flame         Conj/Fire      #####...     1%          3    None
e - Slow                  Hex            ###.....     3%          2    None
f - Call Imp              Summ           ##......     8%          2    None

Your spell library contained the following spells:

 Spells                   Type           Power        Failure   Level  Hunger
 Ensorcelled Hibernation  Hex/Ice        ###...       6%          2    None
 Silence                  Hex/Air        ####......   26%         5    #####..
 Borgnjor's Vile Clutch   Necr/Erth      #.........   88%         5    #####..
 Darkness                 Hex            ###.......   98%         6    ######.
 Shadow Creatures         Summ           N/A          100%        6    ######.


Dungeon Overview and Level Annotations

Branches:
Dungeon (11/15)            Temple (1/1) D:6            Lair (4/6) D:9
 Shoals (1/4) Lair:3        Snake (0/4) Lair:2        Sewer (visited)
    Orc: D:9-12

Altars:
Ashenzari
Cheibriados
Dithmenos
Elyvilon
Fedhas
Gozag
Hepliaklqana
Kikubaaqudgha
Makhleb
Nemelex Xobeh
Okawaru
Qazlal
Ru
Sif Muna
Trog
Uskayaw
Vehumet
Wu Jian
Xom
Yredelemnul
Zin
The Shining One

Annotations:
D:7 3 runed translucent doors, Spriggy's ghost, novice TrMo
D:11 Psyche


Innate Abilities, Weirdness & Mutations

You are very small and have problems with some larger weapons.
You are too small for most types of armour.
You have supernaturally acute eyesight. (SInv)
You are a herbivore.
You cover ground extremely quickly.
You need to consume almost no food.
Your flesh is heat resistant. (rF+)
You are robust. (+10% HP)
You are resistant to electric shocks. (rElec)


Message History

The sea snake is lightly wounded.
You feel very sick. The sea snake closely misses you.
You hit the sea snake.
The sea snake looks as sick as possible!
The sea snake is moderately wounded.
You feel sick. The sea snake bites you!
* * * LOW HITPOINT WARNING * * *
You hit the sea snake.
The sea snake looks as sick as possible!
The sea snake is heavily wounded.
* * * LOW HITPOINT WARNING * * *
You feel sick. The sea snake bites you.
* * * LOW HITPOINT WARNING * * *
You feel better. The sea snake misses you.
You closely miss the sea snake.
The sea snake is heavily wounded.
The sea snake bites you!
You die...
Your body crumbles into a pile of gold.

.#####P#P.#...#.###P...##P.###.##
.# ######...### #..............
###### ##...## ###...P###.#...#.
...#.####....# #..)#...###.#....
.............# ##.≈.#..........#.
##P###)P.##..# #..≈##.###.###....
####..####.####.≈≈#...#### ##...
#.PP#...#.#.#≈##..## #...
#.........#.@S#...# ##.#.
##.####...##.#≈##..# #####P.#.
####..# ##.####.≈≈#..###......#.
.##.#.## ##.P###..≈##.##...#.#...
...##.P# #..PP.##.≈.#.#......#...
.#.##.## ##..P..#..≈#..........##
....P..# #.....###...##...#...#
......## #..#.#.##...P#.......#
..P....#####...######P#####.##.##


You could see a sea snake.

Vanquished Creatures
  2 hydras
  Nergalle (Lair:1)
  A sea snake (Lair:3)
  Pikel (D:8)
  2 black mambas
  A merfolk siren (Lair:3)
  Maurice (D:8)
  The ghost of lis82 the Chopper, a novice DgFi (D:5)
  A centaur skeleton (D:10)
  3 merfolk (Lair:3)
  A hornet (D:9)
  A troll (D:8)
  Grinder (D:6)
  6 hippogriffs
  7 yaks
  2 basilisks
  3 wargs (D:8)
  7 water moccasins
  Edmund (D:6)
  2 nagas (Lair:2)
  A soldier ant (Lair:3)
  4 porcupines
  Duvessa (D:7)
  2 orc warriors
  4 phantoms
  An ice beast (D:8)
  3 sky beasts
  3 black bears
  A necrophage (D:8)
  5 centaurs
  3 wolves (D:9)
  3 ogres
  5 crocodiles
  10 bullfrogs
  2 wyvern zombies
  3 gnoll sergeants
  Dowan (D:7)
  A wyvern skeleton (D:7)
  5 scorpions
  10 wights
  4 howler monkeys
  An electric eel (D:9)
  6 crimson imps
  A bullfrog zombie (D:6)
  A centaur zombie (D:8)
  3 gnoll shamans
  2 orc priests
  10 hounds
  9 orc wizards
  3 iguanas
  7 worker ants
  A hound zombie (D:6)
  A hound skeleton (D:9)
  A worker ant zombie (D:8)
  A howler monkey skeleton (D:11)
  6 adders
  39 gnolls
  2 shadow imps
  6 oozes (Sewer)
  An adder zombie (D:2)
  2 adder skeletons
  6 worms
  2 dart slugs (D:2)
  4 leopard geckos
  32 orcs
  4 ball pythons
  14 bats
  6 giant cockroaches
  11 goblins
  14 hobgoblins
  17 jackals
  5 quokkas
  5 frilled lizards
  A giant cockroach zombie (D:6)
  A jackal skeleton (D:5)
  5 kobolds
  A quokka skeleton (D:4)
  A quokka zombie (D:5)
  3 rats
352 creatures vanquished.

Vanquished Creatures (others)
  2 slaves (D:9)
  A crimson imp (D:9)
  2 gnolls (D:9)
  2 fungi (Lair:4)
  3 plants
10 creatures vanquished.

Grand Total: 362 creatures vanquished

Notes
Turn   | Place    | Note
-------+----------+-------------------------------------------
     0 | D:1      | Descartes the Spriggan Wizard began the quest for the Orb.
     0 | D:1      | Reached XP level 1. HP: 9/9 MP: 6/6
   362 | D:1      | Reached XP level 2. HP: 13/13 MP: 5/8
   446 | D:1      | Reached skill level 1 in Conjurations
  1089 | D:1      | Reached XP level 3. HP: 16/16 MP: 7/9
  1409 | D:2      | Reached skill level 4 in Stealth
  1793 | D:2      | Learned a level 2 spell: Blink
  1797 | D:2      | Learned a level 3 spell: Mephitic Cloud
  2355 | D:2      | Found a burning altar of Makhleb.
  2373 | D:2      | Reached XP level 4. HP: 18/21 MP: 6/11
  2859 | D:3      | Found a glowing drain.
  2868 | Sewer    | Entered a sewer
  2905 | Sewer    | Lost strength.
  2952 | Sewer    | Reached skill level 5 in Conjurations
  2952 | Sewer    | Reached XP level 5. HP: 24/24 MP: 1/16
  3529 | Sewer    | Learned a level 3 spell: Conjure Flame
  3958 | Sewer    | Reached XP level 6. HP: 28/28 MP: 12/17
  4132 | D:3      | Reached skill level 5 in Poison Magic
  4965 | D:4      | Found a burning altar of Makhleb.
  5016 | D:4      | Found a hazy altar of Hepliaklqana.
  5016 | D:4      | Found an iron altar of Okawaru.
  5374 | D:4      | Noticed an orc warrior
  5536 | D:4      | Killed an orc warrior
  5536 | D:4      | Reached skill level 5 in Stealth
  5536 | D:4      | Reached XP level 7. HP: 24/32 MP: 2/19
  5995 | D:5      | Entered Level 5 of the Dungeon
  6396 | D:5      | Reached skill level 5 in Dodging
  6777 | D:5      | Reached XP level 8. HP: 36/36 MP: 13/21
  7052 | D:5      | Found a runed translucent door.
  7058 | D:5      | Noticed lis82's ghost (novice DgFi)
  7072 | D:5      | Reached skill level 5 in Air Magic
  7107 | D:5      | Reached skill level 1 in Fire Magic
  7372 | D:5      | Reached skill level 6 in Stealth
  8453 | D:6      | Found a glowing golden altar of the Shining One.
  8678 | D:6      | Noticed Edmund
  8687 | D:6      | Noticed Grinder
  9077 | D:6      | Reached XP level 9. HP: 39/39 MP: 8/22
  9377 | D:6      | Killed Grinder
  9542 | D:6      | Killed Edmund
  9726 | D:6      | Found a staircase to the Ecumenical Temple.
  9735 | Temple   | Entered the Ecumenical Temple
  9768 | Temple   | Became a worshipper of Gozag Ym Sagoz the Greedy
 10192 | D:6      | Reached skill level 5 in Translocations
 10667 | D:7      | Found a runed translucent gate.
 10667 | D:7      | Found a runed translucent gate.
 10964 | D:7      | Reached skill level 7 in Stealth
 11111 | D:7      | Found a runed translucent gate.
 11173 | D:7      | Reached skill level 1 in Short Blades
 11285 | D:7      | Noticed Duvessa
 11294 | D:7      | Noticed Dowan
 11301 | D:7      | Killed Duvessa
 11434 | D:7      | Killed Dowan
 11570 | D:7      | Found a stormy altar of Qazlal.
 11570 | D:7      | Found a shattered altar of Ashenzari.
 11597 | D:7      | Got a shadowed robe
 11608 | D:7      | Identified the cursed +1 robe "Mifuh" {rF++} (You found it
                  | on level 7 of the Dungeon)
 11732 | D:7      | Noticed Spriggy's ghost (novice TrMo)
 11733 | D:7      | Found an opulent altar of Gozag.
 12478 | D:5      | Killed lis82's ghost
 12640 | D:8      | Noticed Maurice
 12997 | D:8      | Killed Maurice
 12997 | D:8      | Reached XP level 10. HP: 41/44 MP: 3/23
 14113 | D:8      | Reached skill level 8 in Stealth
 14881 | D:8      | Reached skill level 1 in Evocations
 15358 | D:9      | Noticed Pikel
 15525 | D:8      | Killed Pikel
 15601 | D:8      | Gained mutation: You are robust. (+10% HP) [potion of
                  | mutation]
 15601 | D:8      | Gained mutation: Your flesh is heat resistant. (rF+)
                  | [potion of mutation]
 15601 | D:8      | Gained mutation: You are resistant to electric shocks.
                  | (rElec) [potion of mutation]
 16294 | D:9      | Found a staircase to the Lair.
 16314 | D:9      | Found a sacrificial altar of Ru.
 17383 | Lair:1   | Entered Level 1 of the Lair of Beasts
 17430 | Lair:1   | Noticed Nergalle
 17440 | Lair:1   | Reached XP level 11. HP: 51/51 MP: 17/24
 17491 | Lair:1   | Killed Nergalle
 17538 | Lair:1   | Reached skill level 9 in Stealth
 17743 | D:10     | Entered Level 10 of the Dungeon
 18844 | D:11     | Noticed Psyche
 18850 | D:11     | Noticed a five-headed hydra
 19914 | Lair:2   | Found a staircase to the Snake Pit.
 21140 | Lair:3   | Noticed a seven-headed hydra
 21140 | Lair:3   | Noticed a six-headed hydra
 21260 | Lair:2   | Learned a level 2 spell: Slow
 21263 | Lair:2   | Learned a level 2 spell: Call Imp
 21444 | Lair:3   | Found a staircase to the Shoals.
 21617 | Lair:3   | Killed a seven-headed hydra
 21617 | Lair:3   | Reached skill level 1 in Hexes
 21626 | Lair:2   | HP: 1/51 [six-headed hydra (18)]
 21925 | Lair:2   | Killed a six-headed hydra
 22642 | Lair:3   | Reached skill level 5 in Short Blades
 23121 | Lair:3   | Reached skill level 10 in Stealth
 23516 | Lair:4   | Reached skill level 5 in Evocations
 23516 | Lair:4   | Reached XP level 12. HP: 48/56 MP: 14/25
 24132 | Lair:4   | Noticed an entropy weaver
 24140 | Lair:4   | HP: 1/56 [entropy weaver (10)]
 24464 | Shoals:1 | Entered Level 1 of the Shoals
 24472 | Shoals:1 | Noticed a merfolk aquamancer
 24724 | Lair:3   | Slain by a sea snake

Levels and vault maps discovered:
D:1:      dpeg_arrival_morbid_curiosity, layout_basic
D:2:      layout_basic, makhleb_heckhound_becter
D:3:      layout_rooms, cheibrodos_sewer_entry_sluice
D:4:      layout_basic, chequers_temple_overflow_statue_of_worship,
          first_ration, cheibrodos_gnoll_hut
D:5:      layout_gridville, ebering_ghost_reflecting_pool
D:6:      layout_basic, nicolae_tso_carved_into_rock,
          minmay_temple_entry_gardened_gates, kennysheep_generic_room_15,
          uniq_grinder, uniq_edmund
D:7:      layout_cave_pools, gammafunk_temple_overflow_elements,
          ebering_ghost_gozag, uniq_crazy_yiuf_cottage, uniq_duvessa
D:8:      layout_loops_ring, uniq_maurice
D:9:      layout_cave_pools, erik_lair_orcish_takeover, serial_gnoll_camp,
          gnoll_camp_mini_loothouse, gnoll_camp_mini_doghouse,
          gnoll_camp_huts_moat, gnoll_camp_mini_doghouse, basic_altar,
          uniq_pikel
D:10:     layout_roguey
D:11:     layout_basic, orc_0_dummy, uniq_psyche, uniq_harold
Temple:   regret_index_temple_sphere_string
Lair:1:   layout_cave_shapes, uniq_nergalle
Lair:2:   layout_roguey, guppyfry_snake_entry_island,
          infiniplex_staircase_pool_2, lemuel_fruit_tree
Lair:3:   layout_loops_ring, elwin_shoals_entry_stream,
          infiniplex_staircase_pool
Lair:4:   layout_roguey, zaba_antful_of_joy
Shoals:1: cheibrodos_shoals_three_sisters, layout_shoals, ebering_ghost_xom

Skill      XL: |  1  2  3  4  5  6  7  8  9 10 11 |
---------------+----------------------------------+-----
Conjurations   | 1 5 6 7 |  7.4
Stealth        | 4 5 6 7 8 10 | 10.1
Dodging        | 4 5 7 8 9 |  9.5
Translocations | 2 3 4 5 |  5.0
Spellcasting   | 7 8 |  8.1
Air Magic      | 4 5 6 7 |  7.1
Poison Magic   | 4 5 6 7 |  7.9
Fire Magic     | 1 2 3 4 |  4.6
Short Blades   | 2 3 5 |  5.3
Evocations     | 2 5 |  5.2
Hexes          | 2 |  2.6
Summonings     | |  0.7

Action                   |  1- 3 |  4- 6 |  7- 9 | 10-12 || total
-------------------------+-------+-------+-------+-------++-------
Melee: Dagger            |    10 |    19 |   113 |    82 ||   224
       Short sword       |       |       |       |   268 ||   268
 Fire: Hand crossbow     |       |       |    20 |    62 ||    82
 Cast: Magic Dart        |    96 |   227 |   547 |   579 ||  1449
       Blink             |       |     2 |     5 |       ||     7
       Mephitic Cloud    |       |       |    28 |    17 ||    45
       Conjure Flame     |       |       |     9 |    31 ||    40
Evoke: Wand              |       |       |       |     4 ||     4
  Use: Potion            |       |     9 |       |     3 ||    12
       Scroll            |       |     7 |       |     7 ||    14
 Stab: Confused          |       |       |     6 |     3 ||     9
       Sleeping          |       |       |     4 |     6 ||    10
       Distracted        |       |       |       |     2 ||     2
  Eat: Ration            |       |     2 |     3 |     6 ||    11
Armor: Robe              |     6 |     6 |    16 |    50 ||    78
Dodge: Dodged            |    21 |    93 |   162 |   409 ||   685
